 Dungeon Crawl Stone Soup version 0.29.0-11-gd7f09526c8 (webtiles) character file.

Game seed: 9221921749601824164

63 Tirrikindir the Shield-Bearer (level 4, 31/31 HPs)
             Began as an Octopode Fighter on Sept 5, 2022.
             Was a Follower of Nemelex Xobeh.
             Got out of the dungeon alive.
             The game lasted 00:03:21 (1728 turns).

Tirrikindir the Shield-Bearer (Octopode Fighter)    Turns: 1728, Time: 00:03:22

Health: 31/31      AC:  1    Str: 15    XL:     4   Next: 10%
Magic:  4/4        EV: 13    Int: 10    God:    Nemelex Xobeh [*.....]
Gold:   119        SH:  5    Dex: 13    Spells: 3/3 levels left

rFire   . . .      SeeInvis .   a - +0 long sword
rCold   . . .      Faith    .   b - +0 buckler
rNeg    . . .      Spirit   .   (helmet restricted)
rPois   .          Reflect  .   (no amulet)
rElec   .          Harm     .   (no ring)
rCorr   .          Rampage  .   (no ring)
Will    .....                   (no ring)
Stlth   +++.......              (no ring)
HPRegen 0.10/turn               (no ring)
MPRegen 0.09/turn               (no ring)
                                (no ring)
                                (no ring)

@: no status effects
A: almost no armour, amphibious, 8 rings, camouflage 1, gelatinous body 1,
(nimble swimmer 1), tentacles
a: Renounce Religion, Draw Escape, Draw Destruction, Draw Summoning


You escaped.
You worshipped Nemelex Xobeh.
Nemelex Xobeh was aware of your devotion.
You visited 1 branch of the dungeon, and saw 2 of its levels.

You collected 119 gold pieces.

Inventory:

Hand Weapons
 a - a +0 long sword (weapon)
Armour
 b - a +0 buckler (worn)
Scrolls
 d - a scroll of teleportation {unknown}
 e - a scroll of immolation {unknown}
 g - a scroll of blinking {unknown}
Potions
 c - 2 potions of might
 f - a potion of curing {unknown}


   Skills:
 + Level 3.3 Fighting
 * Level 2.8 Long Blades
 + Level 3.3 Dodging
 + Level 2.0 Stealth
 + Level 3.3 Shields


You had 3 spell levels left.
You didn't know any spells.
Your spell library was empty.

Dungeon Overview and Level Annotations

Branches:
Dungeon (2/15)

Altars:
Nemelex Xobeh

Shops:
D:2 (


Innate Abilities, Weirdness & Mutations

You cannot wear most types of armour.
You are amphibious.
You can wear up to eight rings at the same time.
Your skin changes colour to match your surroundings (Stealth+).
Your rubbery body absorbs attacks. (AC +1, EV +1)
((You are camouflaged when in or above water. (Stealth+)))
You have tentacles for arms and can constrict up to eight enemies at once.


Message History

You kill the rat!
You see here a rat corpse.
You now have 102 gold pieces (gained 6).
You now have 109 gold pieces (gained 7).
You see here a +0 antimagic spear.
You open the door.
There is an open door here.
There is an entrance to Buawus's Weapon Emporium here.
You now have 119 gold pieces (gained 10).
You see here a +0 short sword.
You open the door.
Found a faded altar of an unknown god.
There is an open door here.
There is a faded altar of an unknown god here.
You hit the plant.
The plant begins to die.
You grab the plant.
The plant is lightly damaged.
You constrict the plant.
You cannot tell which god this altar belongs to.
Convert to them anyway?
Nemelex Xobeh accepts your prayer! Nemelex Xobeh welcomes you!
You can now draw from decks of power.
Nemelex will now gift you decks of power as you gain piety.
Nemelex Xobeh deals you some cards!
You now have 3 escape cards and 1 summoning card.
You constrict the plant.
(D) Dungeon
Where to? (Enter - D:1 @ (x,y), ? - help)
What level of the Dungeon? (default 1, ? - help)
You release your grip on the plant.
A nearby plant withers and dies.
There is an open door here.
You see here a +0 short sword.
There is an escape hatch in the floor here.
There is a stone staircase leading up here.
You climb upwards.
There is a stone staircase leading down here.
There is an open door here.
There is a staircase leading out of the dungeon here.
Are you sure you want to leave the Dungeon?
This will make you lose the game!
You have escaped!

#############
#.......#...#
#.#####.#.#.#
#.#.#...#.#.#
#.#.#.###...#
#.#.#.....#.#
#.#.#.###.#@#
#...#...#.###
#####.#.#.#...#
#...#.#.#.#.'##
#.#'#.#.#P#.#.#
#.#.#.#.#.#.#.#
####.#.#.#.###...#
.....#.#...#.#.#.#
.#####.#####...#.#


There were no monsters in sight!

Vanquished Creatures
  2 adders (D:2)
  2 dart slugs (D:1)
  2 bats (D:1)
  8 endoplasms
  2 giant cockroaches (D:1)
  4 goblins
  4 hobgoblins
  A quokka (D:1)
  2 ball pythons (D:1)
  4 kobolds
  7 rats
38 creatures vanquished.

Vanquished Creatures (others)
  A plant (D:2)
1 creature vanquished.

Grand Total: 39 creatures vanquished

Notes
Turn   | Place    | Note
-------+----------+-------------------------------------------
     0 | D:1      | Tirrikindir the Octopode Fighter began the quest for the
                  | Orb.
     0 | D:1      | Reached XP level 1. HP: 16/16 MP: 1/1
   126 | D:1      | Reached XP level 2. HP: 20/21 MP: 2/2
   244 | D:1      | Reached skill level 1 in Stealth
   621 | D:1      | Reached XP level 3. HP: 26/26 MP: 3/3
  1415 | D:2      | Reached XP level 4. HP: 24/31 MP: 4/4
  1524 | D:2      | Found Buawus's Weapon Emporium.
  1610 | D:2      | Found a faded altar of an unknown god.
  1619 | D:2      | Prayed at the altar of an unknown god.
  1619 | D:2      | Became a worshipper of Nemelex Xobeh the Trickster
  1619 | D:2      | Reached * piety under Nemelex Xobeh
  1619 | D:2      | Received a gift from Nemelex Xobeh
  1728 | D:$      | Got out of the dungeon alive.

Illustrated notes

Levels and vault maps discovered:
D:1:      onia_arrival_mini_maze_b, layout_loops_ring
D:2:      layout_basic, shapermc_ecumenical_altar_flowoftime, serial_shops,
          shop_fountains, st_stairs_3

Skill      XL: |  1  2  3  4 |
---------------+-------------+-----
Stealth        | 1 2 |  2.0
Fighting       | |  3.3
Long Blades    | |  2.8
Dodging        | |  3.3
Shields        | |  3.3

Action                   |  1- 3 |  4- 6 || total
-------------------------+-------+-------++-------
Melee: Long sword        |    69 |     7 ||    76
       Constrict         |    15 |     1 ||    16
       Tentacles         |    12 |       ||    12
       Punch             |     1 |       ||     1
  Use: Scroll            |     2 |       ||     2
 Stab: Sleeping          |     9 |     1 ||    10
Armor: Skin              |     2 |       ||     2
Dodge: Dodged            |    33 |     3 ||    36
Block: Buckler           |    14 |       ||    14
